[Event "97th Argentine Championship 2022"]
[Site "Barichole"]
[Date "2022.12.04"]
[Round "5.4"]
[White "Mareco, Sandro"]
[Black "Paveto, Kevin"]
[Result "1/2-1/2"]
[ECO "A16"]
[WhiteElo "2619"]
[BlackElo "2431"]
[Annotator "TA"]
[PlyCount "62"]
[EventDate "2022.12.01"]
[EventType "tourn"]
[EventCountry "ARG"]
[SourceTitle "playchess.com"]
[Source "ChessBase"]
[SourceQuality "1"]
[TimeControl "40/5400+30:1800+30"]

1. Nf3 Nf6 2. c4 g6 3. Nc3 d5 4. cxd5 Nxd5 5. h4 Bg7 6. h5 {[%emt 0:00:29] A16: English Opening: 1...Nf6 with ...d5.} Nc6 {[%emt 0:01:38] 6...Nc6 is better than 6...Nxc3.} 7. e4 Nb6 8. Bb5 {[%emt 0:00:05] [#]} e5 $146 {[%emt 0:04:00] Prevents d4.} (8... Bg4 $5 ) ({Predecessor:} 8... Bg4 9. h6 Bf6 10. d4 Bxf3 11. Qxf3 Qxd4 12. Be3 Qd6 13. Bf4 Qe6 14. O-O O-O 15. Bxc6 bxc6 16. Rfe1 {½-½ (16) Vallejo Pons,F (2705)-Svidler,P (2755) Porto Carras 2011}) 9. d4 (9. d3 {simplifies} Bg4 10. hxg6 hxg6 11. Rxh8+ Bxh8 12. Be3) 9... exd4 10. Bg5 f6 11. h6 {[%emt 0:00:05][%mdl 1024] White has compensation.} Bf8 12. Bh4 Bc5 {[%emt 0:17:54] [#]} (12... dxc3 $2 13. Qxd8+ Kxd8 14. Bxf6+ (14. bxc3 $2 {is the wrong capture.} g5 $19) 14... Be7 15. Bxh8 $18) (12... Bxh6 13. Nxd4 Bd7 14. Bxc6 Bxc6 15. Nxc6 Qxd1+ 16. Rxd1 $16) (12... Bd7 $14 13. Nxd4 Bd6) 13. Na4 {[%emt 0:00:12] White has more active pieces.} (13. e5 $1 $16 {And now Ne4 would win.} O-O 14. Bxc6 (14. Bxf6 Rxf6 15. exf6 dxc3 $17) 14... bxc6 15. Ne4) 13... Bb4+ $11 14. Kf1 $132 {[%emt 0:01:27][%mdl 2048] Qb3 is the strong threat. White is not holding back} Bd7 15. Kg1 Be7 16. Rc1 O-O 17. Bg3 Kh8 18. a3 {[%emt 0:13:40] The position is equal.} a6 19. Nxb6 cxb6 20. Bxc6 Bxc6 21. Qxd4 Qxd4 22. Nxd4 Bxe4 23. Re1 f5 24. f3 Bc5 $1 25. Be5+ Kg8 26. b4 ({Don't play} 26. fxe4 Rad8 27. Rf1 fxe4 $17) 26... Bxd4+ 27. Bxd4 Bc6 28. Bxb6 Rfe8 29. Kf2 Rxe1 30. Rxe1 {[%emt 0:00:00] Strongly threatening Re7.} Re8 {[%emt 0:00:07] Prevents Re7.} 31. Rd1 Kf7 {[%emt 0:00:18] Weighted Error Value: White=0.09 (flawless) /Black=0.07 (flawless)} 1/2-1/2

[Event "97th Argentine Championship 2022"]
[Site "Barichole"]
[Date "2022.12.04"]
[Round "5.5"]
[White "Gaitan, Juan Manuel"]
[Black "Acosta, Pablo Ismael"]
[Result "1/2-1/2"]
[ECO "E11"]
[WhiteElo "2347"]
[BlackElo "2461"]
[Annotator "TA"]
[PlyCount "46"]
[EventDate "2022.12.01"]
[EventType "tourn"]
[EventCountry "ARG"]
[SourceTitle "playchess.com"]
[Source "ChessBase"]
[SourceQuality "1"]
[TimeControl "40/5400+30:1800+30"]

1. d4 Nf6 2. c4 e6 3. Nf3 Bb4+ 4. Nbd2 O-O 5. a3 Be7 6. e4 d6 {[%emt 0:00:12][%cal Oe6e5] E11: Bogo-Indian.} 7. Bd3 e5 8. O-O exd4 9. Nxd4 Nc6 {[%emt 0:00:39] Against f4} 10. Nxc6 bxc6 11. b4 a5 {[%emt 0:07:54] [#]} 12. Bb2 $146 ({Predecessor:} 12. b5 Nd7 13. a4 Bf6 14. Ra3 Nc5 15. Bc2 Re8 16. Rg3 cxb5 17. cxb5 Bb7 18. Re1 {½-½ (36) Werle,J (2511)-Delchev,A (2644) Paleochora 2014}) 12... axb4 13. axb4 Rb8 (13... Rxa1 {simplifies} 14. Bxa1 Nd7 15. Qc2 Bf6) 14. Qc2 Rxb4 15. e5 dxe5 16. Bxe5 {[%emt 0:01:16] The position is equal.} Bd6 17. Bc3 Rb8 18. Nf3 c5 19. Rae1 h6 20. Ne5 {[%emt 0:08:34] [#] And now Nc6 would win.} Ng4 21. Nf3 Nf6 22. Ne5 {[%emt 0:00:44] Threatens to win with Nc6.} Ng4 23. Nf3 Nf6 {[%emt 0:04:21] Weighted Error Value: White=0.08 (flawless) /Black=0.05 (flawless)} 1/2-1/2

[Event "97th Argentine Championship 2022"]
[Site "Barichole"]
[Date "2022.12.04"]
[Round "5.6"]
[White "Peralta, Fernando"]
[Black "Sorin, Ariel"]
[Result "1-0"]
[ECO "A58"]
[WhiteElo "2587"]
[BlackElo "2363"]
[Annotator "TA"]
[PlyCount "63"]
[EventDate "2022.12.01"]
[EventType "tourn"]
[EventCountry "ARG"]
[SourceTitle "playchess.com"]
[Source "ChessBase"]
[SourceQuality "1"]
[TimeControl "40/5400+30:1800+30"]

1. d4 Nf6 2. c4 c5 3. d5 b5 4. cxb5 a6 5. bxa6 g6 6. Nc3 {[%emt 0:00:19][%cal Oa6a7] A58: Benko/Volga Gambit: Lines with 5 bxa6.} Bg7 {[%emt 0:00:06][%cal Oe8g8] Inhibits a7.} 7. e4 O-O 8. Be2 {[%emt 0:02:08] White is slightly better.} Qa5 9. Bd2 (9. a7 {feels hotter.} Nxe4 10. axb8=R Rxb8 11. Kf1) 9... Bxa6 10. e5 Ne8 11. Nf3 d6 12. e6 (12. exd6 {simplifies} exd6 13. O-O Qb6 14. Re1) 12... f5 (12... Bxe2 $1 $11 {keeps the balance.} 13. Qxe2 (13. Nxe2 Qa6 $11) 13... Qa6) 13. h4 $16 {[%emt 0:01:55] Black must now prevent h5.} Nf6 {[%emt 0:17:15] Inhibits h5.} 14. h5 $1 Nxh5 {[%emt 0:04:01] [#]} 15. Rxh5 $1 gxh5 {[%emt 0:00:44] [#]} 16. Ng5 $2 (16. Nb5 $1 $16 {[%mdl 512] is forced if you want to stay better.} Qd8 (16... Qb6 17. a4) 17. Ng5) 16... Bxe2 $2 (16... Qb4 $1 $17 {[%cal Rb4h4] keeps the pressure on. And now ...Qh4 would win.} 17. Bxa6 (17. Bxh5 Qc4 $17) 17... Nxa6 18. Qxh5 h6) 17. Qxe2 {[%emt 0:04:23] Hoping for a3.} Qb4 18. Qxh5 h6 (18... Qxb2 $2 19. Qxh7#) 19. Nf7 {[%emt 0:02:19] Qg6 is the strong threat.} Qg4 {[%emt 0:00:29] Against Qg6} (19... Qxb2 $2 20. Rb1 (20. Nxh6+ Bxh6 21. Qxh6 Qxa1+ $11) (20. Rc1 Qb4 $18) 20... Qc2 21. Rc1 $18) 20. Nxh6+ $40 {[%emt 0:11:00][%mdl 128] White attacks with force.} Bxh6 21. Qxh6 Rf6 22. Qg5+ Kf8 23. f3 {[%emt 0:02:43] White is more active.} (23. Qxg4 $142 fxg4 24. Ke2) 23... Qxg5 {[%emt 0:02:00][%mdl 64] Remove Defender} 24. Bxg5 Rg6 25. f4 Rg8 26. Kf2 {[%emt 0:07:37] Strongly threatening Rh1.} Rh8 {[%emt 0:00:39] [#] Inhibits Rh1. Black cannot hold the game after this.} (26... Na6 $16 {is a better defense.}) 27. Ne2 $1 $18 Na6 {[%emt 0:00:06] [#]} 28. Ng3 $1 Nb4 29. Nxf5 Rh7 (29... Nxd5 30. Rd1 Nf6) 30. Bxe7+ {[%emt 0:03:27] [#] White is clearly winning.} Ke8 $146 ({Predecessor:} 30... Rxe7 31. Rh1 {1-0 (32) Tanriverdi,E (2276)-Natsidis,C (2346) Lvov 2018}) 31. Bg5 Ra6 {[%emt 0:03:42] [#]} 32. Rh1 $3 {[%emt 0:01:09][%mdl 512] Weighted Error Value: White=0.19 (very precise) /Black=0.38} 1-0

[Event "97th Argentine Championship 2022"]
[Site "Barichole"]
[Date "2022.12.05"]
[Round "6.1"]
[White "Perez Ponsa, Federico"]
[Black "Peralta, Fernando"]
[Result "1/2-1/2"]
[ECO "C02"]
[WhiteElo "2538"]
[BlackElo "2587"]
[Annotator "TA"]
[PlyCount "57"]
[EventDate "2022.12.01"]
[EventType "tourn"]
[EventCountry "ARG"]
[SourceTitle "playchess.com"]
[Source "ChessBase"]
[SourceQuality "1"]
[TimeControl "40/5400+30:1800+30"]

1. e4 e6 2. d4 d5 3. e5 c5 4. c3 Nc6 5. Nf3 Bd7 6. Be2 Nge7 7. Na3 cxd4 8. cxd4 Nf5 9. Nc2 Be7 10. O-O {[%emt 0:00:23] C02: French: Advance Variation.} O-O 11. Bd3 $1 {[%emt 0:00:22] 11.Bd3 is better than 11.Ne3.} f6 12. Bf4 {[%emt 0:00:38] The position is equal.} fxe5 13. Nxe5 Rc8 14. Nxc6 Rxc6 15. Be5 Be8 16. Bxf5 Rxf5 17. Ne3 Rf8 {[%emt 0:00:24] [#]} 18. Rc1 $146 ({Predecessor:} 18. Qg4 Bf6 19. Qg3 Bxe5 20. Qxe5 Qf6 21. Qxf6 gxf6 22. Rac1 Bd7 23. f4 Rfc8 24. Rcd1 {1-0 (42) Iskandarov,M (2601)-Lupulescu,C (2603) Geoagiu Bai 2022}) 18... Rxc1 19. Qxc1 Bb5 20. Rd1 Bg5 21. Qc3 Qc8 22. Rc1 (22. Qe1 {seems wilder.} Bxe3 23. Qxe3 Qc2 24. Rc1) 22... Qxc3 23. Rxc3 Bh4 24. f3 Be1 {[%emt 0:04:14] This pair of bishops is nice.} 25. Rc7 Rf7 26. Rc8+ Rf8 27. Rc7 Rf7 28. Rc8+ Rf8 29. Rc7 {[%emt 0:00:39] An even fight not without its subleties.   Weighted Error Value: White=0.07 (flawless) /Black=0.04 (flawless)} 1/2-1/2

[Event "97th Argentine Championship 2022"]
[Site "Barichole"]
[Date "2022.12.06"]
[Round "6.2"]
[White "Gaitan, Juan Manuel"]
[Black "Krysa, Leandro"]
[Result "0-1"]
[ECO "D85"]
[WhiteElo "2347"]
[BlackElo "2524"]
[Annotator "TA"]
[PlyCount "122"]
[EventDate "2022.12.01"]
[EventType "tourn"]
[EventCountry "ARG"]
[SourceTitle "playchess.com"]
[Source "ChessBase"]
[SourceQuality "1"]
[TimeControl "40/5400+30:1800+30"]

1. d4 Nf6 2. c4 g6 3. Nc3 d5 4. cxd5 Nxd5 5. e4 Nxc3 6. bxc3 Bg7 7. Bb5+ c6 8. Ba4 O-O 9. Ne2 e5 10. O-O Qe7 11. Qc2 {[%emt 0:12:18] D85: Exchange Grünfeld: Unusual White 7th moves and lines with 7 Nf3.} Re8 (11... exd4 $142 12. cxd4 a5) 12. d5 $11 b5 13. Bb3 {[%emt 0:00:15] White is slightly better.} Bb7 14. Rd1 {[%emt 0:00:16] [#]} Nd7 $146 ({Predecessor:} 14... Rd8 15. a4 Na6 16. Ba3 Qh4 17. axb5 cxb5 18. Nc1 Rac8 19. g3 Qf6 20. Nd3 Qf3 {1-0 (28) Anurag,M (2397)-Givon,A (2463) Albena 2015}) 15. d6 Qf6 16. c4 bxc4 17. Bxc4 (17. Qxc4 $16 {[%cal Oc1g5] aiming for Bg5!} Red8 18. Ba3) 17... Nb6 $14 18. Bb3 c5 19. Qxc5 {[%emt 0:10:52] And now Qc7 would win.} Bxe4 20. Nc3 Bb7 (20... Bxg2 $142 21. d7 (21. Kxg2 e4 $14) 21... Bf3 22. dxe8=R+ (22. dxe8=Q+ Rxe8 23. Qc7 Rc8 $16) 22... Rxe8) 21. Qc7 $16 Rab8 22. d7 $36 {[%emt 0:02:56][%mdl 2048] Prevents Rec8. White is really pushing.} Red8 23. Rd6 {[%emt 0:01:43] Against Qc6} Qe7 24. Be3 Na8 (24... Nxd7 $2 25. Rad1 (25. Bxa7 Rbc8 $15) 25... Rdc8 26. Qxd7 $18) (24... Ba8 $16) 25. Qc5 $18 Rxd7 26. Rxd7 Qxd7 27. Qxa7 Rc8 28. Rd1 Qc7 29. Nb5 $2 (29. a4 $18) 29... Qc6 $16 {[%emt 0:00:20][%csl Gb7,LRb5,LRg2][%cal Rc6g2] [#] Against h3} 30. Bxf7+ $1 Kh8 $1 31. Bd5 Qc2 32. Bb3 Qc6 {[%emt 0:00:13][%csl Gb7,LRb5,LRg2][%cal Rc6g2] [#]} 33. Rd5 $2 {[%emt 0:00:07] [#]} (33. Qxb7 $1 $14 {keeps the upper hand.} Qxb7 34. Nd6) 33... Nb6 $1 $19 34. Qxb6 Qxb6 35. Bxb6 Bxd5 36. Nc7 Bxb3 37. axb3 {[%emt 0:00:07][%mdl 4096] Endgame KRB-KBN} Rd8 38. Kf1 Rd1+ 39. Ke2 Rb1 40. Ne6 Rb2+ 41. Kf1 Rxb3 42. Bd8 h6 43. Nxg7 Kxg7 {[%emt 0:00:06] KR-KB} 44. Ba5 Rb1+ 45. Ke2 Rg1 46. Kf3 Kf6 47. g4 $2 (47. h3) 47... e4+ 48. Kxe4 Rxg4+ 49. Kf3 Kf5 {[%emt 0:00:15] Strongly threatening ...g5.} 50. Bd2 g5 51. Be3 h5 {[%emt 0:00:30][%cal Bh6h5,Bh5h4,Bh4h3][%mdl 32] ( -> ...Rg1)} 52. h3 {[%emt 0:01:01] [#]} Rg1 $1 {[%emt 0:00:10] Black mates.} 53. Bb6 h4 54. Bc7 g4+ 55. hxg4+ Rxg4 56. Bh2 h3 57. Bg3 Rg6 58. Bh2 Rg2 59. Bg3 Ke6 60. Bb8 Kd5 61. Ba7 Rg8 {[%emt 0:00:16] Never resign too early!   Weighted Error Value: White=0.69/Black=0.08 (flawless)} 0-1

[Event "97th Argentine Championship 2022"]
[Site "Barichole"]
[Date "2022.12.05"]
[Round "6.3"]
[White "Flores, Diego"]
[Black "Mareco, Sandro"]
[Result "1/2-1/2"]
[ECO "E48"]
[WhiteElo "2547"]
[BlackElo "2619"]
[Annotator "TA"]
[PlyCount "62"]
[EventDate "2022.12.01"]
[EventType "tourn"]
[EventCountry "ARG"]
[SourceTitle "playchess.com"]
[Source "ChessBase"]
[SourceQuality "1"]
[TimeControl "40/5400+30:1800+30"]

1. c4 e6 2. d4 d5 3. Nc3 Bb4 4. e3 Nf6 5. cxd5 exd5 6. Bd3 O-O 7. a3 {[%emt 0:01:22] E48: Nimzo-Indian: Rubinstein: 5 Bd3 d5 including 6 Ne2, but excluding 6 a3.} Bd6 8. Qc2 b6 9. Nf3 {[%emt 0:30:38] [#]} c5 $146 ({Predecessor:} 9... Bb7 10. Nb5 Re8 11. Nxd6 Qxd6 12. O-O Nbd7 13. Bd2 Ne4 14. b4 a6 15. Bc3 Re6 {½-½ (40) Lo,R (2198)-Yoos,J (2381) Vancouver 2013}) 10. dxc5 bxc5 11. e4 c4 (11... Re8 $5 12. Bg5 Bb7 13. Bxf6 Qxf6 $11) 12. Be2 {[%emt 0:00:34] Threatening e5.} Nxe4 13. Nxd5 Qa5+ 14. Nc3 Bb7 15. O-O Nf6 16. Rd1 (16. Bxc4 Bxf3 17. gxf3 Qh5 $11) 16... Bc7 17. Nd4 (17. Bxc4 Bxf3 18. gxf3 Qh5 $17) (17. Qa4 {simplifies} Qxa4 18. Nxa4 Nbd7 19. Be3) 17... Nc6 18. Ndb5 (18. Bxc4 $2 Qh5 19. Nf3 Na5 $19) 18... Ne5 19. Bg5 Bd8 20. Nd6 (20. Qf5 {simplifies} a6 21. Qxe5 axb5 22. Qxb5 Ba6 23. Qxa5 Bxa5 24. Bxf6 gxf6 25. Rab1) 20... Bc6 21. Bf4 {[%emt 0:01:46] White has more active pieces. The black rooks are badly placed.} (21. Bxc4 $2 {[#] is the wrong capture.} Nf3+ $1 22. gxf3 Qxg5+ 23. Kf1 Bxf3 $19) (21. Nxc4 $6 Nxc4 22. Bxf6 Bxf6 $11) 21... Bc7 22. Bg3 ({Much worse is} 22. Nxc4 Nxc4 23. b4 (23. Bxc7 Qxc7 24. Bxc4 Bxg2 $11) 23... Nxa3 $11) 22... Qc5 23. Nxc4 Nxc4 24. Bxc7 (24. b4 $5 Nxa3 25. Qc1 $11) 24... Bxg2 $1 {[%emt 0:00:00][%mdl 64] [#] White must now prevent ...Bb7.} 25. Bg3 {[%emt 0:00:40] This pair of bishops is nice.} Bb7 {[%emt 0:00:00] And now ...Qc6 would win.} 26. Ne4 Bxe4 27. Qxc4 Qf5 28. Qb5 Qh3 (28... Qg6 $15) 29. Bf1 (29. f3 $5 a6 30. Qg5 $11) 29... Qg4 {[%emt 0:00:00] ( -> ...Qf3)} 30. Be2 {[%emt 0:00:16] Inhibits Qf3.} Qh3 ({Black should try} 30... Qg6 $15) 31. Bf1 (31. f3 $5 a6 32. Qg5 $11) 31... Qg4 {[%emt 0:00:07] Weighted Error Value: White=0.16 (very precise) /Black=0.15 (very precise)} 1/2-1/2

[Event "97th Argentine Championship 2022"]
[Site "Barichole"]
[Date "2022.12.05"]
[Round "6.4"]
[White "Sorin, Ariel"]
[Black "Pichot, Alan"]
[Result "0-1"]
[ECO "D48"]
[WhiteElo "2363"]
[BlackElo "2637"]
[Annotator "TA"]
[PlyCount "62"]
[EventDate "2022.12.01"]
[EventType "tourn"]
[EventCountry "ARG"]
[SourceTitle "playchess.com"]
[Source "ChessBase"]
[SourceQuality "1"]
[TimeControl "40/5400+30:1800+30"]

1. d4 d5 2. c4 e6 3. Nc3 c6 4. e3 Nd7 5. Nf3 Ngf6 6. Bd3 dxc4 7. Bxc4 b5 8. Bd3 a6 9. O-O c5 10. Qe2 Bb7 11. Rd1 Qb8 12. Bc2 {[%emt 0:04:14] D48: Semi-Slav: Meran System: 7...b5 8 Bd3 a6.} Bd6 13. h3 (13. dxc5 {simplifies} Bxc5 14. b3 Bd6 15. h3) 13... O-O (13... cxd4 {simplifies} 14. exd4 O-O 15. a3 Qc7) 14. Ng5 {[%emt 0:03:58] [#] The position is equal.} (14. dxc5 {simplifies} Nxc5 15. a3 Ncd7 16. Bd2) 14... Be7 $146 ({Predecessor:} 14... Qc7 15. Nce4 Bh2+ 16. Kh1 h6 17. Nf3 Bxe4 18. Nxh2 Rac8 19. a4 cxd4 20. Bxe4 Nxe4 21. exd4 Qc2 {0-1 (49) Fernandez,M (2228)-Flores,D (2625) Rio Grande 2018}) 15. dxc5 Nxc5 16. Bd2 (16. e4 $11 Nfd7 17. e5 Bxg5 18. Bxg5 Qxe5 19. Qxe5 (19. Qh5 $2 h6 $19) 19... Nxe5 20. b4) 16... b4 $17 17. Na4 Nxa4 18. Bxa4 Qe5 19. f4 Qf5 (19... Qxb2 $17 {Threatens to win with ...h6.} 20. Bb3 h6) 20. Rac1 $15 Rac8 {[%emt 0:00:57] Against Rc7} 21. Nf3 Bc5 (21... Qa5 $15 22. Rxc8 Rxc8) 22. Ne5 $1 $11 Rfd8 (22... Qxf4 $2 {[#]} 23. Rxc5 $1 Qe4 24. Nd3 $18) 23. Kh2 {[%emt 0:00:00] Hoping for g4.} h5 24. Bc2 Be4 25. Bxe4 Qxe4 26. Qxa6 Ra8 27. Qc6 {[%emt 0:00:00][%mdl 8192] [#] This costs White the game.} (27. Qe2 $1 $14 {keeps the upper hand.} Rxd2 28. Rxd2 (28. Qxd2 $2 {loses.} Bxe3 29. Qe1 Qxf4+ 30. Qg3 Bxc1 $19) 28... Bxe3 29. Rc4 Bxf4+ 30. g3 Qxe5 31. Rxf4 (31. gxf4 Qxe2+ 32. Rxe2 g6 $14) 31... Qxe2+ 32. Rxe2) 27... Rxd2 $1 $19 28. Rxd2 Bxe3 {[%emt 0:03:06] Chess con chili.} 29. Re2 (29. Qxe4 Nxe4 30. Rdc2 Bxf4+ 31. Kg1 Rxa2 32. Re1) 29... Bxf4+ {[%emt 0:00:13][%mdl 64] Discovered Attack, Double Attack. Black is clearly winning.} 30. Kh1 Qxe2 31. Qxa8+ Kh7 {[%emt 0:08:18] Weighted Error Value: White=0.58/Black=0.14 (very precise)} 0-1

[Event "97th Argentine Championship 2022"]
[Site "Barichole"]
[Date "2022.12.05"]
[Round "6.5"]
[White "Valerga, Diego"]
[Black "Fiorito, Joaquin"]
[Result "1/2-1/2"]
[ECO "E51"]
[WhiteElo "2438"]
[BlackElo "2344"]
[Annotator "TA"]
[PlyCount "62"]
[EventDate "2022.12.01"]
[EventType "tourn"]
[EventCountry "ARG"]
[SourceTitle "playchess.com"]
[Source "ChessBase"]
[SourceQuality "1"]
[TimeControl "40/5400+30:1800+30"]

1. d4 Nf6 2. Nf3 d5 3. c4 e6 4. Nc3 Bb4 5. e3 O-O 6. Bd2 b6 7. Rc1 Bb7 8. cxd5 {[%emt 0:00:44] E51: Nimzo-Indian: Rubinstein: 4...0-0 5 Nf3 d5.} exd5 9. Bd3 a6 10. O-O Nbd7 11. Qc2 Bd6 12. e4 dxe4 13. Nxe4 Bxe4 14. Bxe4 Nxe4 15. Qxe4 Nf6 16. Qc6 Qe8 {[%emt 0:00:00] [#]} 17. Qc4 $146 ({Predecessor:} 17. Ne5 Qxc6 18. Rxc6 Nd5 19. Rfc1 f6 20. Nd3 Rfe8 21. Re1 Rxe1+ 22. Nxe1 Re8 23. Kf1 {0-1 (69) Aguilar,P-Williams,A Haifa 1976}) 17... Qb5 18. b3 Rfe8 (18... Rac8 {is more complex.} 19. Rfe1 Rfe8 20. Ne5 Bxe5 21. Rxe5 Rxe5 22. dxe5 Qxe5 23. Bc3 Qg5) 19. Rfe1 h6 (19... Qxc4 {simplifies} 20. bxc4 Ne4 21. Be3 Rad8) 20. Rxe8+ (20. Ne5 {keeps more tension.} Bxe5 21. dxe5 Rxe5 22. Rxe5 Qxe5 23. Bc3) 20... Rxe8 21. Re1 Rxe1+ 22. Bxe1 Qxc4 23. bxc4 $11 {[%emt 0:00:07][%mdl 4096] Endgame KBN-KBN. The position is equal.} c5 24. dxc5 Bxc5 25. Kf1 Ne4 26. Ke2 f6 27. Nh4 Kf7 28. Nf5 h5 29. f3 Nd6 30. Nxd6+ Bxd6 31. h3 Ke6 {[%emt 0:00:00] A balanced but interesting game.   Weighted Error Value: White=0.04 (flawless) /Black=0.04 (flawless)} 1/2-1/2

[Event "97th Argentine Championship 2022"]
[Site "Barichole"]
[Date "2022.12.05"]
[Round "6.6"]
[White "Acosta, Pablo Ismael"]
[Black "Paveto, Kevin"]
[Result "1-0"]
[ECO "A48"]
[WhiteElo "2461"]
[BlackElo "2431"]
[Annotator "TA"]
[PlyCount "65"]
[EventDate "2022.12.01"]
[EventType "tourn"]
[EventCountry "ARG"]
[SourceTitle "playchess.com"]
[Source "ChessBase"]
[SourceQuality "1"]
[TimeControl "40/5400+30:1800+30"]

1. d4 Nf6 2. Nf3 g6 3. Bg5 Bg7 4. Nbd2 O-O 5. c3 d6 6. e4 c5 7. dxc5 dxc5 8. Bc4 Nc6 9. O-O Qc7 10. Qe2 $1 {[%emt 0:00:17] 10.Qe2 is better than 10.Re1.} h6 11. Bxf6 Bxf6 (11... exf6 $11 12. Rfd1 Re8) 12. Qe3 $14 {[%emt 0:00:57][%csl LRc5,LRh6] A48: 1 d4 Nf6 2 Nf3 g6: Torre, London and Colle Systems.} g5 13. Qxc5 {[%emt 0:10:38] [#]} Rd8 $146 ({Predecessor:} 13... b6 14. Qe3 g4 15. Ne1 Ne5 16. Bd5 Ba6 17. Bxa8 Bg5 18. Qd4 Rxa8 19. f4 gxf3 20. Nexf3 {0-1 (49) Ledger,A (2423)-Jones,G (2549) Liverpool 2008}) 14. h3 {[%emt 0:12:46] White is better.} e6 15. Bb5 a6 16. Bxc6 bxc6 (16... Qxc6 $142 17. Qxc6 bxc6) 17. Rad1 Be7 18. Qe5 $36 {[%emt 0:06:17][%mdl 2048] White is in control.} Qd7 (18... Ra7 $16 19. Nc4 c5 20. Rxd8+ Qxd8) 19. Nc4 $18 Qxd1 20. Rxd1 Rxd1+ 21. Kh2 {[%emt 0:00:05] Nd4 is the strong threat.} Bd7 22. g3 Be8 (22... c5 {might work better.}) 23. Ne3 {[%emt 0:02:45] Pair of Knights!} Rd3 24. Ne1 Rd2 25. Ng4 Rxb2 $2 {[%emt 0:01:13] [#]} (25... Kh7 {was worth a try.} 26. c4 Bf8) 26. Nxh6+ Kh7 27. Ng4 Rab8 (27... Rb5 $142) 28. c4 R8b7 29. Nd3 Rxa2 30. Nf6+ {[%emt 0:01:34] White is clearly winning.} Bxf6 31. Qxf6 Re2 32. Qxg5 f6 (32... f5 $142 33. Nc5 Rxf2+ 34. Kg1 Rfb2 35. Nxb7 (35. Nxe6 Rc2 $14) 35... Rxb7 36. exf5 exf5 37. Qxf5+ Kg8) 33. Qh4+ {[%emt 0:00:24] White took control after the opening.   Weighted Error Value: White=0.16 (very precise) /Black=0.63} 1-0

[Event "97th Argentine Championship 2022"]
[Site "Barichole"]
[Date "2022.12.06"]
[Round "7.1"]
[White "Krysa, Leandro"]
[Black "Acosta, Pablo Ismael"]
[Result "1/2-1/2"]
[ECO "D66"]
[WhiteElo "2524"]
[BlackElo "2461"]
[Annotator "TA"]
[PlyCount "61"]
[EventDate "2022.12.01"]
[EventType "tourn"]
[EventCountry "ARG"]
[SourceTitle "playchess.com"]
[Source "ChessBase"]
[SourceQuality "1"]
[TimeControl "40/5400+30:1800+30"]

1. d4 d5 2. c4 c6 3. Nf3 Nf6 4. Nc3 e6 5. Bg5 Nbd7 6. e3 h6 7. Bh4 Be7 8. Bd3 O-O 9. O-O dxc4 10. Bxc4 b5 11. Bd3 a6 12. Bxf6 Bxf6 13. Ne4 Be7 14. Rc1 Bb7 {[%emt 0:05:37] D66: Queen's Gambit Declined: Classical: Main Line (7 Rc1 c6 8 Bd3).} 15. Ne5 Nxe5 16. dxe5 Qd5 {[%emt 0:05:04] [#]} 17. Bb1 $146 {[%emt 0:01:37] [#] Strongly threatening Qc2.} ({Predecessor:} 17. f4 Rfd8 18. Bb1 Qxd1 19. Rfxd1 f6 20. Nd6 Bxd6 21. exd6 Rd7 22. Be4 Rc8 23. Rc5 {1-0 (62) Grigorchuk,S (2235)-Romanenkov,A (2229) Durham 2007}) 17... Qxd1 (17... Qxe5 $2 18. Qd7 $18) (17... Rad8 $11) 18. Rfxd1 $14 {[%emt 0:00:51] Black must now prevent Rd7.} Rfd8 {[%emt 0:00:30] Against Rd7} 19. Nd6 {[%emt 0:13:10] Against Rac8} Bxd6 20. exd6 Rd7 21. Be4 Rc8 22. f4 {[%emt 0:09:01] White is more active.} (22. b4 $16) 22... f5 $11 {[%emt 0:05:02] The position is equal.} 23. Bf3 {[%emt 0:00:28] Rc5 is the strong threat.} c5 24. Bxb7 Rxb7 {[%emt 0:00:19][%mdl 4096] Endgame KRR-KRR} 25. d7 Rd8 26. Rxc5 {[%emt 0:00:23] [#] And now Rc8 would win.} Rbxd7 27. Rxd7 Rxd7 28. Rc2 Kf7 29. Kf2 Kf6 30. Kf3 g5 31. h3 {[%emt 0:12:12] Weighted Error Value: White=0.11 (very precise) /Black=0.08 (flawless)} 1/2-1/2